 Dungeon Crawl Stone Soup version 0.23.2 (webtiles) character file.

Game seed: 7641450951645566010

76 Chiseanne the Skirmisher (level 4, -16/38 HPs)
             Began as a Demonspawn Wanderer on Apr 3, 2019.
             Demolished by an ogre
             ... wielding a +0 giant club
              (21 damage)
             ... on level 2 of the Dungeon.
             The game lasted 00:04:36 (1333 turns).

Chiseanne the Skirmisher (Demonspawn Wanderer)      Turns: 1333, Time: 00:04:37

Health: -16/38     AC:  9    Str: 13    XL:     4   Next: 12%
Magic:  4/4        EV:  6    Int: 14    God:
Gold:   33         SH:  0    Dex: 12    Spells: 3/3 levels left

rFire    . . .     SeeInvis .   j - -1 mace (curse)
rCold    . . .     Gourm    .   (no shield)
rNeg     . . .     Faith    .   e - +1 chain mail (curse)
rPois    .         Spirit   .   (no helmet)
rElec    .         Reflect  .   (no cloak)
rCorr    .         Harm     .   (no gloves)
MR       .....                  (no boots)
Stlth    ..........             (no amulet)
HPRegen  0.12/turn              (no ring)
MPRegen  0.09/turn              (no ring)

@: no status effects
A: hooves 1, powered by death 1
a: no special abilities


You were on level 2 of the Dungeon.
You were not hungry.

You visited 1 branch of the dungeon, and saw 2 of its levels.

You collected 33 gold pieces.

Inventory:

Hand Weapons
 a - a +2 shortbow
 j - a cursed -1 mace (weapon)
Missiles
 b - 34 arrows
 h - 81 stones (quivered)
 k - 5 javelins
Armour
 e - a cursed +1 chain mail (worn)
Potions
 c - 2 potions of lignification
 d - 2 potions of curing
 o - a potion of haste {unknown}
 q - a potion of ambrosia
 s - a potion of cancellation {unknown}
Comestibles
 f - 6 rations
 g - 4 chunks of flesh


   Skills:
 * Level 4.9 Fighting
 - Level 1.0 Maces & Flails
 - Level 1.7 Bows
 - Level 1.0 Armour
 * Level 2.3 Dodging
 - Level 1.0 Stealth
   Level 1.0 Evocations


You had 3 spell levels left.
You didn't know any spells.
Your spell library was empty.

Dungeon Overview and Level Annotations

Branches:
Dungeon (2/15)

Altars:


Innate Abilities, Weirdness & Mutations

You have large cloven feet.
You regenerate a little health from kills.


Message History

The ogre hits you with a +0 giant club.
You hit the ogre.
The ogre is lightly wounded.
The ogre hits you with a +0 giant club!
Your chain mail prevents you from hitting the ogre.
You kick the ogre, but do no damage.
The ogre is lightly wounded.
The ogre hits you with a +0 giant club.
You barely miss the ogre. You kick the ogre.
The ogre is lightly wounded.
The ogre closely misses you.
You hit the ogre but do no damage.
The ogre is lightly wounded.
The ogre hits you with a +0 giant club!
* * * LOW HITPOINT WARNING * * *
You barely miss the ogre. You kick the ogre, but do no damage.
The ogre is lightly wounded.
The ogre hits you with a +0 giant club!!
Ouch! That really hurt!
You die...

.####
....#
....##. #
........
#.
......#.
#.#######
......#
#.......#
#######
#....##.#
####O##.#
#@##.#
#####
#.##.#
....
#.##.# ...
#.##.# ..
#####.##.#
.####
#..<..##.#
....#
########.#
....#
#......#.#
##..#
#.####.#.#


You could see an ogre.

Vanquished Creatures
  2 adders
  An ooze (D:1)
  3 dart slugs
  A leopard gecko (D:2)
  2 orcs (D:2)
  2 ball pythons (D:1)
  A giant cockroach (D:1)
  4 goblins
  5 hobgoblins
  4 jackals (D:1)
  4 kobolds
  9 bats
  3 frilled lizards (D:1)
  2 rats
43 creatures vanquished.

Notes
Turn   | Place    | Note
-------+----------+-------------------------------------------
     0 | D:1      | Chiseanne the Demonspawn Wanderer began the quest for the
                  | Orb.
     0 | D:1      | Chiseanne set off with the following items: a +2 shortbow,
                  | 24 arrows, a potion of lignification, a potion of curing, a
                  | +0 robe, a ration
     0 | D:1      | Reached XP level 1. HP: 19/19 MP: 1/1
   102 | D:1      | Gained mutation: You regenerate a little health from kills.
                  | [demonic ancestry]
   102 | D:1      | Reached XP level 2. HP: 25/25 MP: 2/2
   112 | D:1      | Reached skill level 1 in Dodging
   458 | D:1      | Gained mutation: You have large cloven feet. [demonic
                  | ancestry]
   458 | D:1      | Reached XP level 3. HP: 31/31 MP: 3/3
   939 | D:2      | Noticed an ogre
  1255 | D:1      | Reached XP level 4. HP: 29/38 MP: 4/4
  1333 | D:2      | Demolished by an ogre

Skill      XL: |  1  2  3 |
---------------+----------+-----
Dodging        | 1 2 |  2.3
Fighting       | |  4.9
Maces & Flails | |  1.0
Bows           | |  1.7
Armour         | |  1.0
Stealth        | |  1.0
Evocations     | |  1.0

Action                   |  1- 3 |  4- 6 || total
-------------------------+-------+-------++-------
Melee: Mace              |     7 |     5 ||    12
       Kick              |     2 |     3 ||     5
 Fire: Shortbow          |   101 |       ||   101
  Use: Scroll            |     8 |       ||     8
  Eat: Chunk             |     1 |       ||     1
Armor: Chain mail        |    20 |       ||    20
       Leather armour    |    15 |       ||    15
Dodge: Dodged            |    32 |     1 ||    33
